 Dungeon Crawl Stone Soup version 0.20.1-1-g8b1a95d (webtiles) character file.

42 Irenicus the Caller (level 3, -1/24 HPs)
             Began as a Demonspawn Summoner on Oct 6, 2017.
             Hit by a tomahawk thrown by an orc (3 damage)
             ... on level 3 of the Dungeon.
             The game lasted 00:07:26 (1270 turns).

Irenicus the Caller (Demonspawn Summoner)           Turns: 1270, Time: 00:07:26

Health: -1/24      AC:  3    Str:  8    XL:     3   Next: 33%
Magic:  4/6        EV: 12    Int: 16    God:
Gold:   102        SH:  0    Dex: 16    Spells: 2/6 levels left

rFire    + . .     SeeInvis .   j - +0 dagger
rCold    + . .     Gourm    .   n - +0 buckler (curse)
rNeg     + . .     Faith    .   a - +0 robe
rPois    +         Spirit   .   (no helmet)
rElec    +         Reflect  .   (no cloak)
rCorr    +         Harm     .   (no gloves)
MR       .....                  g - +0 pair of boots
Stlth    +.........             (no amulet)
Regen    0.1/turn               e - ring of positive energy
MPRegen  0.1/turn               (no ring)

@: confused, resistant, invisible
A: thin skeletal structure 1
a: no special abilities


You were on level 3 of the Dungeon.
You were not hungry.

You visited 1 branch of the dungeon, and saw 3 of its levels.

You collected 102 gold pieces.

Inventory:

Hand Weapons
 j - a +0 dagger (weapon)
Armour
 a - a +0 robe (worn)
 g - a +0 pair of boots (worn)
 n - a cursed +0 buckler (worn)
Jewellery
 e - a ring of positive energy (left hand)
Wands
 m - a wand of flame (31/48)
Scrolls
 h - a scroll of remove curse {unknown}
 k - a scroll of teleportation {unknown}
Potions
 p - a potion of lignification {unknown}
 q - a potion of flight {unknown}
Books
 b - a book of Callings

   Spells                             Type                      Level
   a - Summon Small Mammal            Summoning                    1
   b - Call Imp                       Summoning                    2
   c - Call Canine Familiar           Summoning                    3
   d - Summon Guardian Golem          Hexes/Summoning              3
   e - Summon Lightning Spire         Summoning/Air                4
   f - Summon Ice Beast               Ice/Summoning                4
Comestibles
 c - 2 bread rations
 i - a royal jelly
 o - a chunk of flesh


   Skills:
 - Level 1.7 Dodging
 - Level 1.7 Stealth
 + Level 0.1 Shields
 - Level 2.0 Spellcasting
 + Level 5.1 Summonings


You had 2 spell levels left.
You knew the following spells:

 Your Spells              Type           Power        Failure   Level  Hunger
a - Summon Small Mammal   Summ           ###.         4%          1    #......
b - Summon Guardian Gole  Hex/Summ       #.......     34%         3    ###....


Dungeon Overview and Level Annotations

Branches:
Dungeon (3/15)

Altars:
Gozag


Innate Abilities, Weirdness & Mutations

You have a somewhat thin skeletal structure. (Dex +2, Stealth)


Message History

Your magical effects are unravelling.
You feel magically purged.
You feel less confused.
Your bat hits the orc priest but does no damage.
The orc wizard looks satisfied for a moment.
The orc throws a tomahawk.
The tomahawk closely misses you.
The orc wizard points at you and mumbles some strange words.
You are confused.
It was a potion of resistance.
You feel protected.
Your bat barely misses the orc priest.
The orc throws a tomahawk.
The tomahawk hits you.
* * * LOW HITPOINT WARNING * * *
The orc wizard completely misses your bat.
Your bat barely misses the orc wizard.
You fade into invisibility!
Your bat barely misses the orc wizard.
Your bat hits the orc priest but does no damage.
The orc throws a tomahawk.
The tomahawk hits you.
You die...

####...# ##......#
#.......# ..o.....###
.oo....... .)..b....
........# ..b.o..@##
........(## ####...#..#
#.# #........###.####
#..## #....#..........#
....###........#......#
##.............#.#....#
#....<................#
#.......##.........>..#


You could see an orc priest, 2 orc wizards, an orc and 2 friendly bats.

Vanquished Creatures
  A dart slug (D:2)
  A leopard gecko (D:1)
  An orc (D:3)
  A giant cockroach (D:3)
  2 hobgoblins
  A jackal (D:3)
  A quokka (D:3)
  4 bats
  2 frilled lizards (D:3)
  2 kobolds
  A rat (D:1)
17 creatures vanquished.

Vanquished Creatures (collateral kills)
  An adder (D:3)
  2 orcs (D:3)
  2 bats
  2 goblins
  2 hobgoblins (D:1)
  6 jackals
  A kobold (D:1)
  4 rats
20 creatures vanquished.

Grand Total: 37 creatures vanquished

Notes
Turn   | Place    | Note
-------+----------+-------------------------------------------
     0 | D:1      | Irenicus the Demonspawn Summoner began the quest for the Orb.
     0 | D:1      | Reached XP level 1. HP: 13/13 MP: 3/3
   569 | D:1      | Gained mutation: You have a somewhat thin skeletal structure. (Dex +2, Stealth) [demonic ancestry]
   569 | D:1      | Reached XP level 2. HP: 19/19 MP: 3/5
   703 | D:2      | Found an opulent altar of Gozag.
   871 | D:2      | You fall through a shaft!
   894 | D:3      | Reached skill level 5 in Summonings
   913 | D:3      | Reached XP level 3. HP: 22/24 MP: 1/6
   915 | D:3      | Noticed a kobold demonologist
   918 | D:3      | Found a transporter.
   954 | D:3      | Found a transporter.
  1084 | D:3      | Learned a level 3 spell: Summon Guardian Golem
  1270 | D:3      | Hit by a tomahawk thrown by an orc

Skill      XL: |  1  2 |
---------------+-------+-----
Summonings     | 5 |  5.1
Dodging        | |  1.7
Stealth        | |  1.7
Shields        | |  0.1
Spellcasting   | |  2.0

Action                   || total
-------------------------++-------
Melee: Unarmed           ||    17
       Dagger            ||    96
 Cast: Summon Small Mamm ||    44
       Summon Guardian G ||     1
  Use: Potion            ||     4
 Stab: Sleeping          ||     5
       Distracted        ||     3
  Eat: Chunk             ||     2
Armor: Robe              ||    33
Dodge: Dodged            ||    71
Block: Buckler           ||    11
